AoeStats
← 瞌睡虫

Arabia

504117602Analyzed
1v1 RM · 28d ago on Sep 4, 2026· 169m 35s· 2 players
Game mode
Random Map
Map size
Tiny (2 player)
Population
200
Speed
Normal
Resources
Standard
Victory
Conquest
Starting age
Dark Age
Ending age
Imperial Age
RankedLock teamsTeams togetherTeam positionsShared explorationLock speedFull tech treeHidden civsTurbo modeCheats
Victory
Defeat
🇹🇼 Portuguese · Taiwan
2072
+21
🇦🇷 Franks · Argentina
2192
-21
NicoDA
6:04 Loom
8:18 Feudal Age
13:14 Double-Bit Axe
16:54 Wheelbarrow
20:22 Castle Age
19:05 Scale Barding Armor
19:45 Forging
19:30 Gold Mining
24:29 Bow Saw
27:37 Husbandry
29:17 Chain Barding Armor
35:58 Imperial Age
36:09 Hand Cart
35:42 Town Watch
37:29 Plate Barding Armor
36:21 Cavalier
40:49 Scale Mail Armor
41:11 Conscription
42:37 Elite Throwing Axeman
44:20 Chain Mail Armor
47:19 Fletching
47:52 Elite Skirmisher
48:55 Ballistics
49:27 Bodkin Arrow
50:08 Padded Archer Armor
51:02 Arrowslits
52:17 Chemistry
52:02 Leather Archer Armor
53:41 Light Cavalry
59:15 Plate Mail Armor
59:21 Iron Casting
59:57 Squires
59:20 Pikeman
60:02 Halberdier
64:07 Blast Furnace
67:31 Capped Ram
85:27 #83
瞌睡虫
5:56 Loom
8:49 Feudal Age
9:20 Double-Bit Axe
19:06 Castle Age
17:25 Fletching
17:38 Horse Collar
19:08 Crossbowman
19:44 Bodkin Arrow
20:23 Gold Mining
24:14 Husbandry
24:24 Bloodlines
25:24 Town Watch
28:46 Bow Saw
29:21 Sanctity
30:23 Ballistics
31:34 Wheelbarrow
32:05 Padded Archer Armor
36:40 Imperial Age
34:54 Scale Mail Armor
34:39 Pikeman
36:03 Heavy Plow
36:45 Halberdier
38:41 Chemistry
37:53 Bracer
40:50 Forging
42:21 Conscription
42:41 Chain Mail Armor
43:19 Thumb Ring
44:35 Plate Mail Armor
43:57 Stone Mining
44:26 Hand Cart
46:07 Iron Casting
46:36 Treadmill Crane
47:06 Masonry
48:23 Blast Furnace
49:06 Stone Shaft Mining
48:58 Leather Archer Armor
49:18 Light Cavalry
50:04 Scale Barding Armor
50:30 Ring Archer Armor
51:03 Chain Barding Armor
53:51 Plate Barding Armor
55:07 Architecture
58:37 Murder Holes
61:43 Crop Rotation
62:30 Circumnavigation
63:16 Guilds
65:45 Capped Ram
67:47 Siege Engineers
67:34 Arson
70:56 Elite Skirmisher
72:18 Man-at-Arms
72:43 Gambesons
73:05 Long Swordsman
73:37 Two-Handed Swordsman
74:19 Champion
76:59 Two-Man Saw
76:12 Fortified Wall
106:49 Arbalester
Connection lost

Rejoining the realm…

Still unreachable

The connection could not be restored.

Session expired

The server has moved on; the page needs a fresh start.